 Dungeon Crawl Stone Soup version 0.28.0-45-g0d030f2227 (webtiles) character file.

Game seed: 6643942611410148608

3054 Icepheonix32 the Arsonist (level 9, 0/45 HPs)
             Began as a Tengu Fire Elementalist on Apr 16, 2022.
             Was an Initiate of Qazlal.
             Slain by a water moccasin (4 damage)
             ... on level 7 of the Dungeon.
             The game lasted 00:14:27 (9923 turns).

Icepheonix32 the Arsonist (Tengu Fire Elementalist) Turns: 9923, Time: 00:14:28

Health: 0/45       AC:  2    Str:  9    XL:     9   Next: 87%
Magic:  4/13       EV: 18    Int: 19    God:    Qazlal [......]
Gold:   274        SH:  0    Dex: 15    Spells: 2/12 levels left

rFire   . . .      SeeInvis .   h - +2 war axe (flame)
rCold   . . .      Faith    .   (no shield)
rNeg    . . .      Spirit   .   a - +0 robe
rPois   .          Reflect  .   (helmet restricted)
rElec   .          Harm     .   (no cloak)
rCorr   .          Rampage  .   (no gloves)
Will    .....                   (boots unavailable)
Stlth   ++........              (no amulet)
HPRegen 0.15/turn               (no ring)
MPRegen 0.13/turn               (no ring)

@: lethally poisoned (0 -> -18), flying quickly and evasively, quick
A: beak, talons 3, nimble flight
a: Renounce Religion


You were on level 7 of the Dungeon.
You worshipped Qazlal.
Qazlal was noncommittal.
You visited 2 branches of the dungeon, and saw 8 of its levels.
You also visited: Sewer.

You collected 274 gold pieces.

Inventory:

Hand Weapons
 h - a +2 war axe of flaming (weapon)
 p - a +0 short sword
 q - a +1 dagger of protection
 w - a +2 dire flail of protection
 y - a +3 halberd
 z - a +1 short sword of draining
 A - a +4 dagger
Armour
 a - a +0 robe (worn)
 v - an orb of guile
Wands
 x - a wand of acid (6)
Scrolls
 c - a scroll of fog
 d - a scroll of blinking {unknown}
 f - a scroll of teleportation
 m - a scroll of summoning {unknown}
 r - 4 scrolls of identify
 s - a scroll of fear {unknown}
 t - a scroll of holy word {unknown}
 u - a scroll of immolation {unknown}
 B - a scroll of enchant weapon {unknown}
Potions
 b - a potion of heal wounds
 e - 2 potions of flight
 g - 2 potions of haste
 i - a potion of mutation {unknown}
 j - 3 potions of invisibility {unknown}
 k - 3 potions of brilliance {unknown}
 l - a potion of cancellation {unknown}
 n - 6 potions of curing {unknown}
 o - a potion of might {unknown}
 C - a potion of attraction {unknown}


   Skills:
 * Level 7.1 Dodging
 - Level 2.0 Stealth
 - Level 2.0 Spellcasting
 + Level 9.0 Conjurations
 + Level 11.2 Fire Magic


You had 2 spell levels left.
You knew the following spells:

 Your Spells              Type           Power      Damage    Failure   Level
a - Foxfire               Conj/Fire      100%       2x1d9     1%          1
b - Scorch                Fire           88%        2d9       1%          2
c - Conjure Flame         Conj/Fire      40%        6-21      1%          3
d - Flame Wave            Conj/Fire      40%        2d9       2%          4

Your spell library contained the following spells:

 Spells                   Type           Power      Damage    Failure   Level
 Summon Small Mammal      Summ           4%         N/A       17%         1
 Inner Flame              Hex/Fire       23%        N/A       4%          3
 Call Canine Familiar     Summ           1%         N/A       45%         3
 Gell's Gravitas          Tloc           1%         N/A       45%         3
 Lesser Beckoning         Tloc           1%         N/A       45%         3
 Summon Guardian Golem    Hex/Summ       1%         N/A       45%         3
 Teleport Other           Tloc           1%         N/A       45%         3
 Tukima's Dance           Hex            1%         N/A       45%         3
 Passage of Golubria      Tloc           1%         N/A       86%         4
 Yara's Violent Unravell  Hex/Tmut       0%         3d3       99%         5


Dungeon Overview and Level Annotations

Branches:
Dungeon (7/15)             Temple (1/1) D:5           Sewer (visited)

Altars:
Ashenzari
Cheibriados
Dithmenos
Elyvilon
Fedhas
Gozag
Nemelex Xobeh
Okawaru
Qazlal
Ru
Sif Muna
Uskayaw
Wu Jian
Yredelemnul
Zin
The Shining One

Shops:
D:6 *

Annotations:
D:5 2 transporters, UnkleBill's ghost, weakling DrDe


Innate Abilities, Weirdness & Mutations

You have a beak for a mouth.
You have claws for feet.
Your magical nature lets you fly swiftly and evasively.


Message History

The water moccasin is moderately wounded.
The water moccasin closely misses you. The water moccasin barely misses you.
The water moccasin bites you.
You conjure some foxfire!
You feel sick.
The foxfire hits the water moccasin!
The water moccasin is moderately wounded.
The foxfire hits the water moccasin!
The water moccasin is heavily wounded.
The foxfire hits the water moccasin.
The water moccasin is heavily wounded.
The water moccasin bites you. The water moccasin misses you.
Casting: Foxfire (safe; 1% risk of failure)
Confirm with . or Enter, or press ? or * to list all spells.
Flames lash the water moccasin.
The water moccasin is almost dead.
The water moccasin's fire resistance burns away.
You feel sick.
The foxfire hits the water moccasin.
The water moccasin is moderately wounded.
The foxfire hits the water moccasin!
The water moccasin is heavily wounded.
The water moccasin completely misses you. x2
The water moccasin closely misses you. The water moccasin bites you!
Casting: Scorch (safe; 1% risk of failure)
Confirm with . or Enter, or press ? or * to list all spells.
Flames lash the water moccasin.
The water moccasin is severely wounded.
The water moccasin's fire resistance burns away.
You feel sick. The water moccasin closely misses you.
The water moccasin bites you!
* * * LOW HITPOINT WARNING * * *
You are lethally poisoned!
The water moccasin poisons you!
Casting: Scorch (safe; 1% risk of failure)
Confirm with . or Enter, or press ? or * to list all spells.
Flames lash the water moccasin.
The water moccasin is burned terribly!
You kill the water moccasin!
Qazlal accepts your kill.
* * * LOW HITPOINT WARNING * * *
You feel very sick. The water moccasin bites you.
You die...

###...# #§....... .
.. ..
#.#######.#####...#
###
#.#.....†..........
#
#.#.#####.#########
# #.#.#.......# # .
#.#.#.###.#.#.# ...
#.#.#.......#.#
.....#.#>#####...#.#
.......@......<..#.#
.......S...........#
#
...................#
.
.........#######...#
.##....### #...##
#.... #....# #...#
#....## #########
#... #.#...#
........# #.#.#.#


You could see a water moccasin (combustible).

Vanquished Creatures
  Pikel (D:6)
  Sigmund (D:6)
  Edmund (D:5)
  2 water moccasins
  2 sky beasts (D:5)
  3 ice beasts
  A centaur (D:6)
  4 ogres (D:5)
  A kobold brigand (D:7)
  2 phantoms (D:7)
  A lemure (D:6)
  2 bullfrogs
  4 wights (D:6)
  A howler monkey (D:5)
  2 centaur zombies
  2 hounds
  3 orc priests
  3 jellies
  4 bullfrog skeletons
  2 iguanas
  2 orc wizards
  A hound zombie (D:5)
  2 hound skeletons (D:4)
  A howler monkey skeleton (D:7)
  8 adders
  A river rat (Sewer)
  A shadow imp (D:5)
  An ufetubus (D:6)
  5 worms
  A dart slug (D:3)
  9 orcs
  6 endoplasms
  7 giant cockroaches
  2 hobgoblins
  4 jackals (D:1)
  2 kobolds (D:7)
  5 quokkas
  12 ball pythons
  2 bats
  3 frilled lizards
  4 goblins
  10 rats
131 creatures vanquished.

Vanquished Creatures (others)
  506 foxfires
506 creatures vanquished.

Grand Total: 637 creatures vanquished

Notes
Turn   | Place    | Note
-------+----------+-------------------------------------------
     0 | D:1      | Icepheonix32 the Tengu Fire Elementalist began the quest
                  | for the Orb.
     0 | D:1      | Reached XP level 1. HP: 10/10 MP: 4/4
   109 | D:1      | You fall into a shaft and drop 1 floor!
   652 | D:1      | Reached XP level 2. HP: 11/15 MP: 1/6
  1145 | D:2      | Found a faded altar of an unknown god.
  1418 | D:2      | Reached skill level 4 in Fire Magic
  1457 | D:2      | Reached XP level 3. HP: 9/19 MP: 0/7
  2665 | D:3      | Learned a level 2 spell: Scorch
  2818 | D:3      | Found a glowing drain.
  2824 | Sewer    | Entered a sewer
  2929 | Sewer    | Reached XP level 4. HP: 24/24 MP: 5/8
  3241 | Sewer    | Found a shimmering altar of Xom.
  3285 | Sewer    | Reached skill level 5 in Fire Magic
  3285 | Sewer    | Gained mutation: Your magical nature lets you fly swiftly
                  | and evasively. [Tengu growth]
  3285 | Sewer    | Reached XP level 5. HP: 28/28 MP: 4/9
  4937 | D:4      | Reached XP level 6. HP: 32/32 MP: 4/10
  5526 | D:4      | Learned a level 3 spell: Conjure Flame
  5540 | D:5      | Entered Level 5 of the Dungeon
  5540 | D:5      | Noticed an ice beast
  5543 | D:5      | Noticed a water moccasin
  5547 | D:5      | Killed an ice beast
  5552 | D:5      | Killed a water moccasin
  5553 | D:5      | Reached skill level 5 in Conjurations
  5553 | D:5      | Reached skill level 6 in Fire Magic
  5553 | D:5      | Reached XP level 7. HP: 12/36 MP: 0/11
  6115 | D:5      | Noticed Edmund
  6124 | D:5      | Killed Edmund
  6125 | D:5      | Reached skill level 7 in Fire Magic
  6355 | D:5      | Reached XP level 8. HP: 41/41 MP: 6/12
  6358 | D:5      | Reached skill level 5 in Dodging
  6471 | D:5      | Found a staircase to the Ecumenical Temple.
  6567 | Temple   | Entered the Ecumenical Temple
  6910 | D:5      | Noticed UnkleBill's ghost (weakling DrDe)
  6912 | D:5      | Found a transporter.
  6915 | D:5      | Found a transporter.
  7036 | D:5      | Reached skill level 8 in Fire Magic
  7231 | D:5      | Found a hide-covered altar of Uskayaw.
  7724 | D:6      | Noticed Pikel
  7758 | D:6      | Killed Pikel
  7759 | D:6      | Reached skill level 9 in Fire Magic
  7759 | D:6      | Reached XP level 9. HP: 28/45 MP: 0/13
  7884 | D:5      | Learned a level 4 spell: Flame Wave
  7982 | D:6      | Reached skill level 10 in Fire Magic
  8102 | D:6      | Noticed Sigmund
  8110 | D:6      | Killed Sigmund
  8341 | D:6      | Found Jaxo's Assorted Antiques.
  9527 | D:7      | Found a stormy altar of Qazlal.
  9532 | D:7      | Reached skill level 11 in Fire Magic
  9540 | D:7      | Became a worshipper of Qazlal Stormbringer
  9923 | D:7      | Slain by a water moccasin

Illustrated notes

Levels and vault maps discovered:
D:1:      dpeg_arrival_circle_labyrinth_a, layout_basic,
          minmay_misc_feat_hallway, minmay_pentomino_r2
D:2:      layout_basic, hellmonk_ecumenical_altar_slurped_away
D:3:      layout_basic, portal_sewer_entry_e, serial_curves, eino_curves_01,
          eino_curves_01
D:4:      layout_cave_pools
D:5:      layout_loops_cross, mainiacjoe_overflow_paths,
          minmay_temple_entry_stoned_glass, gammafunk_ghost_arena,
          minmay_crystal_room, uniq_edmund
D:6:      layout_basic, serial_shops, nicolae_take_the_stairs, uniq_sigmund,
          uniq_pikel
D:7:      layout_basic, mainiacjoe_overflow_surrounded_room, minmay_mini_ossuary
Temple:   eino_narrow_crystal_temple

Skill      XL: |  1  2  3  4  5  6  7  8  9 |
---------------+----------------------------+-----
Fire Magic     | 4 5 6 7 9 11 | 11.2
Dodging        | 3 4 6 7 |  7.1
Conjurations   | 2 3 5 6 8 9 |  9.0
Stealth        | |  2.0
Spellcasting   | |  2.0

Action                   |  1- 3 |  4- 6 |  7- 9 || total
-------------------------+-------+-------+-------++-------
Melee: Unarmed           |    17 |     6 |       ||    23
       Peck              |     3 |     2 |    10 ||    15
       Kick              |     7 |     6 |    16 ||    29
       War axe           |       |     4 |    39 ||    43
       Dire flail        |       |       |    16 ||    16
 Cast: Foxfire           |    64 |   114 |   115 ||   293
       Scorch            |       |     6 |    47 ||    53
       Flame Wave        |       |       |     1 ||     1
  Use: Scroll            |     5 |       |       ||     5
       Potion            |     1 |       |     2 ||     3
 Stab: Sleeping          |       |       |     2 ||     2
Armor: Robe              |     3 |     3 |    11 ||    17
Dodge: Dodged            |    10 |    18 |    88 ||   116
